 Dungeon Crawl Stone Soup version 0.26-a0-519-gb2f46efeda (webtiles) character file.

Game seed: 3830431473900986707

39 KristoblXynda the Sneak (level 3, -8/18 HPs)
             Began as a Spriggan Brigand on Aug 11, 2020.
             Mangled by a gnoll
             ... wielding a +0 spear
              (9 damage)
             ... on level 3 of the Dungeon.
             The game lasted 00:01:36 (1584 turns).

KristoblXynda the Sneak (Spriggan Brigand)          Turns: 1584, Time: 00:01:37

Health: -8/18      AC:  3    Str:  8    XL:     3   Next: 26%
Magic:  4/4        EV: 18    Int: 12    God:
Gold:   73         SH:  0    Dex: 17    Spells: 2/2 levels left

rFire    . . .     SeeInvis +   a - +2 dagger
rCold    . . .     Faith    .   (shield restricted)
rNeg     . . .     Spirit   .   b - +0 robe
rPois    .         Reflect  .   (helmet restricted)
rElec    .         Harm     .   c - +0 cloak
rCorr    .                      (gloves unavailable)
MR       .....                  (boots unavailable)
Stlth    +++.......             (no amulet)
HPRegen  0.06/turn              (no ring)
MPRegen  0.09/turn              (no ring)

@: very quick
A: very small, unfitting armour, see invisible, speed 3
a: no special abilities


You were on level 3 of the Dungeon.
You visited 1 branch of the dungeon, and saw 3 of its levels.

You collected 73 gold pieces.

Inventory:

Hand Weapons
 a - a +2 dagger (weapon)
Missiles
 d - 8 poisoned darts (quivered)
 e - 2 curare-tipped darts
 m - 2 throwing nets
Armour
 b - a +0 robe (worn)
 c - a +0 cloak (worn)
Scrolls
 i - a scroll of immolation
Potions
 g - 2 potions of resistance
 l - a potion of curing {unknown}
 o - a potion of might
 q - a potion of mutation


   Skills:
 + Level 2.0 Fighting
 + Level 2.8 Short Blades
 - Level 2.0 Throwing
 + Level 2.7 Dodging
 + Level 6.3 Stealth


You had 2 spell levels left.
You didn't know any spells.
Your spell library was empty.

Dungeon Overview and Level Annotations

Branches:
Dungeon (3/15)

Altars:


Innate Abilities, Weirdness & Mutations

You are very small and have problems with some larger weapons.
You are too small for most types of armour.
You have supernaturally acute eyesight. (SInv)
You cover ground extremely quickly.


Message History

The ooze barely misses you.
You hit the ooze.
The ooze is heavily wounded.
A gnoll comes into view.
The gnoll hits you from afar with a +0 spear.
The ooze hits you but does no damage.
You hit the ooze.
The ooze is heavily wounded.
The gnoll closely misses you. The ooze hits you.
You hit the ooze.
The ooze is almost dead.
The gnoll hits you from afar with a +0 spear!
Ouch! That really hurt!
* * * LOW HITPOINT WARNING * * *
You hit the ooze.
You kill the ooze!
You closely miss the hobgoblin.
The gnoll hits you from afar with a +0 spear!
Ouch! That really hurt!
You die...

#.....## #...#..#
#...... ##..#.# .....
##..# .##########g..#
...<.....@g...######
.##########g.........
##.######## ###.#
#...# #.### #.# #.#
#.#


You could see 2 gnolls and a hobgoblin.

Vanquished Creatures
  An ooze (D:3)
  A dart slug (D:1)
  2 leopard geckos
  A giant cockroach (D:1)
  4 goblins (D:1)
  4 hobgoblins
  5 jackals
  3 ball pythons
  2 frilled lizards
  4 kobolds (D:1)
  2 rats
29 creatures vanquished.

Notes
Turn   | Place    | Note
-------+----------+-------------------------------------------
     0 | D:1      | KristoblXynda the Spriggan Brigand began the quest for the
                  | Orb.
     0 | D:1      | Reached XP level 1. HP: 10/10 MP: 2/2
   198 | D:1      | Reached skill level 6 in Stealth
   213 | D:1      | Reached XP level 2. HP: 8/15 MP: 3/3
  1510 | D:2      | You fall into a shaft and drop 1 floor!
  1511 | D:3      | Reached XP level 3. HP: 18/18 MP: 4/4
  1584 | D:3      | Mangled by a gnoll

Illustrated notes

Levels and vault maps discovered:
D:1:      dpeg_arrival_houses_and_road, layout_basic, minmay_split_cup_large
D:2:      layout_loops_corners, grunt_qazlal_sundering,
          nicolae_gozag_cash_rules_everything_around_me, minmay_fountain_box
D:3:      kennysheep_goblin_castle, layout_loops_ring

Skill      XL: |  1  2 |
---------------+-------+-----
Stealth        | 6 |  6.3
Dodging        | 2 |  2.7
Fighting       | 2 |  2.0
Short Blades   | |  2.8
Throwing       | |  2.0

Action                   || total
-------------------------++-------
Melee: Dagger            ||   109
  Use: Scroll            ||     9
 Stab: Sleeping          ||     6
Armor: Robe              ||    12
Dodge: Dodged            ||    78

Table legend: (Time is in decaauts)
 A = Elapsed time spent in this place.
 B = Non-inter-level travel time spent in this place.
 C = Inter-level travel time spent in this place.
 D = Time resting spent in this place.
 E = Time spent auto-exploring this place.
 F = Levels seen in this place.
 G = Mean time per level.
                   A        B        C        D        E       F      G
               +--------+--------+--------+--------+--------+-----+--------+
         Total |   1168 |   1143 |     25 |    318 |    598 |   3 |  389.3 |
       Dungeon |   1168 |   1143 |     25 |    318 |    598 |   3 |  389.3 |
               +--------+--------+--------+--------+--------+-----+--------+

Top non-repeatable levels by time:
     D:1: 941 daAuts
     D:2: 170 daAuts
     D:3: 56 daAuts
